[Event "New York Summer GM-B 2022"]
[Site "New York"]
[Date "2022.07.08"]
[Round "1.1"]
[White "Zeltsan, Joseph"]
[Black "Wang, Qibiao"]
[Result "1-0"]
[ECO "C83"]
[WhiteElo "2337"]
[BlackElo "2365"]
[Annotator "RC"]
[PlyCount "63"]
[EventDate "2022.07.08"]
[EventType "tourn"]
[EventCountry "USA"]
[SourceTitle "playchess.com"]
[Source "ChessBase"]
[SourceQuality "1"]
[TimeControl "5400+30"]

1. e4 e5 2. Nf3 Nc6 3. Bb5 a6 4. Ba4 Nf6 5. O-O Nxe4 6. d4 b5 7. Bb3 d5 8. dxe5 Be6 9. Nbd2 Nc5 10. c3 Be7 11. Bc2 d4 12. cxd4 Nxd4 13. Nxd4 Qxd4 14. Nf3 Qxd1 15. Rxd1 Bg4 16. h3 Bh5 17. Be3 O-O 18. Rac1 Ne6 19. g4 Bg6 20. Rd7 Bb4 21. Bf5 Ba5 22. Bxe6 fxe6 23. Ng5 Rac8 24. Nxe6 Rfe8 25. Rc6 Be4 26. Rxa6 Bb6 27. Nxg7 Rxe5 28. Bxb6 cxb6 29. Nh5 Re6 30. Raa7 h6 31. Kh2 Bg6 32. Nf4 1-0

[Event "New York Summer GM-B 2022"]
[Site "New York"]
[Date "2022.07.08"]
[Round "1.2"]
[White "Maiti, Milind"]
[Black "Shmeliov, Denis"]
[Result "1/2-1/2"]
[ECO "E36"]
[WhiteElo "2316"]
[BlackElo "2436"]
[Annotator "TA"]
[PlyCount "70"]
[EventDate "2022.07.08"]
[EventType "tourn"]
[EventCountry "USA"]
[SourceTitle "playchess.com"]
[Source "ChessBase"]
[SourceQuality "1"]
[TimeControl "5400+30"]

1. d4 Nf6 2. c4 e6 3. Nc3 Bb4 4. Qc2 O-O 5. a3 Bxc3+ 6. Qxc3 d5 $1 {[%emt 0:00:07][%mdl 4] outshines the older 6...b6.} 7. cxd5 {[%emt 0:00:00] E36: Nimzo-Indian: Classical: 4...d5 5 a3.} Ne4 8. Qc2 exd5 9. Bf4 Nc6 ({Don't take} 9... Qh4 10. e3 $14) 10. e3 Re8 11. Nf3 g5 12. Bg3 g4 13. Ne5 Nxe5 14. dxe5 {[%emt 0:00:00] [#]} (14. Bxe5 {looks sharper.} c5 15. Be2 f6 16. Bf4) 14... Bf5 $146 ({Predecessor:} 14... h5 15. f3 Nxg3 16. hxg3 Rxe5 17. Qc3 d4 18. O-O-O Qg5 19. Qxd4 Be6 20. f4 Rc5+ {½-½ (27) Weber,J (2548)-Hoeven,D (2648) ICCF email 2020}) 15. Bd3 Bg6 16. Bf4 Qe7 17. O-O Nc5 18. Bxg6 ({Of course not} 18. Bf5 c6 $11) 18... fxg6 19. Rac1 Ne6 20. Qd1 Nxf4 21. exf4 Qd7 22. Rc3 Rf8 23. g3 Rae8 24. Qd4 a6 25. b4 c6 26. f3 gxf3 27. Rcxf3 Qf5 28. Kg2 h5 29. h3 Re6 30. R1f2 Rd8 31. Qd3 Kf7 32. Rd2 (32. Qd2 $14) 32... Re7 (32... Qxd3 $11 33. Rfxd3 g5) 33. Qd4 $14 Re6 34. Qd3 Re7 35. Qd4 Re6 $1 {[%emt 0:00:12] Weighted Error Value: White=0.11 (very precise) /Black=0.10 (very precise)} 1/2-1/2

[Event "New York Summer GM-B 2022"]
[Site "New York"]
[Date "2022.07.08"]
[Round "1.3"]
[White "Lenderman, Aleksandr"]
[Black "Yudasin, Leonid"]
[Result "1/2-1/2"]
[ECO "E18"]
[WhiteElo "2572"]
[BlackElo "2396"]
[Annotator "TA"]
[PlyCount "54"]
[EventDate "2022.07.08"]
[EventType "tourn"]
[EventCountry "USA"]
[SourceTitle "playchess.com"]
[Source "ChessBase"]
[SourceQuality "1"]
[TimeControl "5400+30"]

1. d4 Nf6 2. c4 e6 3. Nf3 b6 4. g3 Bb7 5. Bg2 Be7 6. O-O O-O 7. Nc3 d5 8. cxd5 exd5 9. Bf4 Na6 10. Rc1 Qd7 11. Qc2 Rfd8 {[%emt 0:07:03] E18: Queen's Indian: Old Main Line (4 g3 Bb7 5 Bg2 Be7 6 0-0 0-0 7 Nc3).} 12. Rfd1 h6 13. a3 c5 {[%emt 0:06:02] Prevents b4. White is slightly better.} 14. Be5 Qe6 {[%emt 0:03:33] [#]} 15. Nh4 $146 ({Predecessor:} 15. Bxf6 Bxf6 16. e3 Rac8 17. Qa4 Ra8 18. b4 {½-½ (18) Adamski,J (2425)-Abramovic,B (2475) Prague 1983}) 15... cxd4 16. Bxd4 Ne4 17. Nf3 Nac5 18. b4 Nxc3 19. Qxc3 Ne4 20. Qb2 Bf8 21. Rc7 Bc6 22. Bh3 Qxh3 23. Rxc6 Rac8 24. Ne5 Nd6 25. Qa2 Nc4 {[%emt 0:03:25] [#] aiming for ...Nxe5.} 26. Rxc8 Nxa3 $2 (26... Rxc8 $11 27. Qa1 Qe6) 27. b5 $2 Nc4 $2 {[%emt 0:00:00][%mdl 40960] Weighted Error Value: White=0.40/Black=0.05 (flawless) . An unexpected result.} 1/2-1/2

[Event "New York Summer GM-B 2022"]
[Site "New York"]
[Date "2022.07.08"]
[Round "1.4"]
[White "Griffith, Kyron"]
[Black "Tiglon, Bryce"]
[Result "1/2-1/2"]
[ECO "C84"]
[WhiteElo "2357"]
[BlackElo "2391"]
[Annotator "TA"]
[PlyCount "87"]
[EventDate "2022.07.08"]
[EventType "tourn"]
[EventCountry "USA"]
[SourceTitle "playchess.com"]
[Source "ChessBase"]
[SourceQuality "1"]
[TimeControl "5400+30"]

1. e4 e5 2. Nf3 Nc6 3. Bb5 a6 4. Ba4 Nf6 5. O-O Be7 6. d3 b5 7. Bb3 d6 8. a3 {[%emt 0:00:04] C84: Closed Ruy Lopez: Unusual White 6th moves.} Na5 9. Ba2 c5 10. Nc3 Be6 11. Nh4 c4 12. Nf5 Bxf5 13. exf5 d5 14. Bg5 O-O 15. Re1 Ra7 {[%emt 0:02:12] [#]} 16. dxc4 $146 ({Predecessor:} 16. Rxe5 Rd7 17. Re1 Nc6 18. Ne2 Re8 19. Ng3 h6 20. Bh4 Nh7 21. Bxe7 Rdxe7 22. Qd2 {1-0 (58) Ferreira,J (2520)-Sousa,A (2405) Reykjavik 2021}) 16... d4 17. Bxf6 Bxf6 18. Ne4 {[%emt 0:01:04] Threatens to win with c5.} Nxc4 19. Rb1 Nd6 20. Nxd6 Qxd6 21. Bb3 a5 22. Qf3 Rd8 23. a4 bxa4 24. Bxa4 Rc7 25. g3 Rc4 26. Ra1 Rb4 27. Ra2 Rdb8 28. b3 ({Better is} 28. Rd1 $11) 28... Rc8 $15 29. h4 Rbb8 30. Qe4 Rc3 31. Rd1 h6 (31... Qc7 $15) 32. Kg2 (32. Rd3 $1 $11) 32... Qc7 33. Rd2 Rb4 34. Qa8+ Kh7 35. Qd5 e4 {[%emt 0:02:35] Strongly threatening ...e3.} 36. Re2 ({Wrong is} 36. Qxe4 $2 d3 37. Qxd3 Rxd3 38. Rxd3 Re4 $19) (36. Qd7 $17 {nothing else works.}) 36... e3 $2 (36... d3 $19 37. cxd3 Rd4) 37. fxe3 $2 (37. Qd7 $1 $15) 37... dxe3 {[%emt 0:01:21] ...Rg4 is the strong threat.} 38. Qf3 {[%emt 0:02:08] [#] Inhibits Rg4.} Qe5 (38... Bxh4 $1 $19 {[%cal Oc7e5][%mdl 512] And now ...Qe5! would win.} 39. Be8 Qe7 40. Bxf7 Qxf7 41. gxh4 Rxh4) 39. Ra1 Rxc2 40. Rxc2 $11 {[%emt 0:00:01] The position is equal.} Qxa1 41. Qxe3 Rg4 42. Be8 $1 Qb1 (42... Bxh4 43. Bxf7 Qf6 44. Qe8 (44. Bg6+ Rxg6 45. fxg6+ Qxg6 $18) 44... Rxg3+ 45. Kh2 Rh3+ 46. Kxh3 $18) 43. Re2 Qxf5 {[%emt 0:05:03] Hoping for ...Bxh4.} (43... Bxh4 $2 44. Bxf7 Rg5 45. Bg6+ Rxg6 46. fxg6+ Qxg6 47. Qf3 $18) 44. Qf3 {[%emt 0:00:24] Weighted Error Value: White=0.41/Black=0.39} 1/2-1/2

[Event "New York Summer GM-B 2022"]
[Site "New York"]
[Date "2022.07.08"]
[Round "1.5"]
[White "Jacobson, Aaron"]
[Black "Paragua, Mark"]
[Result "1-0"]
[ECO "D37"]
[WhiteElo "2305"]
[BlackElo "2461"]
[Annotator "TA"]
[PlyCount "107"]
[EventDate "2022.07.08"]
[EventType "tourn"]
[EventCountry "USA"]
[SourceTitle "playchess.com"]
[Source "ChessBase"]
[SourceQuality "1"]
[TimeControl "5400+30"]

1. d4 d5 2. c4 e6 3. Nf3 Nf6 4. Nc3 a6 5. cxd5 exd5 6. Bg5 {[%emt 0:00:03] D37: Queen's Gambit Declined: 5 Bf4.} Be6 7. Bxf6 Qxf6 8. Qb3 {[%emt 0:00:02][%csl LRb7,LRd5] The position is equal.} Ra7 9. g3 Nd7 {[%emt 0:06:38] 9...Bd6 is the modern continuation.} (9... Bd6 $11 {remains equal.}) 10. Nxd5 $16 Qd8 ({Black should try} 10... Bxd5 11. Qxd5 Bb4+ 12. Kd1 Qe7) 11. Qe3 $1 c5 (11... c6 $16) 12. Nc3 {[%emt 0:03:21] Pair of Knights!} (12. Bh3 $142 Qa5+ 13. Nc3) 12... Nb6 13. O-O-O (13. dxc5 $18 Nc4 14. Qe4 Bxc5 15. Bh3) 13... Nc4 {[%emt 0:01:25] [#]} (13... Nd5 $16 14. Qe5 Nxc3 15. bxc3 cxd4) 14. Qe4 $146 {[%emt 0:03:25] Strongly threatening d5.} ({Predecessor:} 14. Qd3 b5 15. d5 Bc8 16. e4 Bd6 17. Qc2 Ne5 18. Nxe5 Bxe5 19. f4 Bd4 20. Bg2 {1-0 (66) Livaic,L (2507)-Grachev,B (2612) Chess.com INT 2020}) 14... Qb6 15. Na4 Qa5 16. d5 Nd6 {[%emt 0:00:07] [#]} 17. Qe5 Qxa4 18. dxe6 f6 19. Qh5+ (19. Qxc5 Ra8 20. e7 (20. Rxd6 $2 Bxd6 21. Qc2 Qxa2 $17) 20... Rc8 21. exf8=Q+ (21. exf8=R+ Rxf8 22. Qxc8+ Nxc8 $15) 21... Rxf8 22. Qxc8+ Nxc8 $15) 19... g6 20. Qd5 {[%emt 0:00:06] Active counter play!} (20. Qxc5 $2 Ra8 21. Rxd6 Bxd6 $19) 20... Be7 21. h4 (21. Qxc5 $2 Ra8 22. Rxd6 Bxd6 $19) 21... O-O 22. h5 g5 23. Nd2 (23. Bg2 $16) 23... c4 $14 24. Nb1 $1 Nb5 25. Bh3 (25. e3 $16) 25... Raa8 (25... Qxa2 $11 26. Bf5 b6) 26. Bf5 (26. Qxb7 $6 c3 27. Qxe7 cxb2+ 28. Kxb2 Nd4 $11) ({White must play} 26. Qe4 $1 $16 Qxa2 27. Rd7 (27. Qxb7 $2 c3 $19)) 26... c3 {[%emt 0:08:32] [#]} (26... Qxa2 $11 27. Bxh7+ (27. Qxb7 Ra7 $17) 27... Kxh7 28. Qf5+ Kh8) 27. Qb3 $1 $16 (27. bxc3 $2 Ba3+ 28. Kd2 Rad8 $19) (27. Qxb7 $2 cxb2+ 28. Kxb2 Qb4+ 29. Ka1 Rab8 $17) 27... Qa5 28. Rd5 Rac8 (28... cxb2+ $16 29. Kxb2 Rad8) 29. a4 $2 (29. bxc3 $18 {aiming for Rhd1.} Rc6 30. Kb2) 29... Nd4 $1 $11 30. Rxd4 {[%emt 0:08:28] Dancing on a razor blade.} (30. Rxa5 $2 Nxb3+ 31. Kc2 Nxa5 $19) (30. Bxh7+ $5 Kxh7 31. Rxd4 (31. Rxa5 $2 Nxb3+ 32. Kc2 Nxa5 $19) 31... cxb2+ 32. Kxb2 $16) 30... cxb2+ ({Resist} 30... Qxf5 31. Nxc3 b5 32. axb5 (32. Rd7 b4 $11) 32... axb5 33. Rhd1 $16 (33. Rd7 $2 b4 $19)) 31. Kxb2 Qxf5 32. f4 Rc6 ({Don't do} 32... Qc5 33. Rd5 Qc6 34. Rhd1 $11) 33. Rc1 Rxc1 34. Kxc1 b5 35. axb5 axb5 36. Kd2 {[%emt 0:00:28] Black must now prevent Nc3.} gxf4 37. gxf4 Qxh5 (37... b4 $11 {deserves consideration.}) 38. Nc3 $14 Qc5 39. Rd7 Rc8 $1 40. Rxe7 $2 Qxe7 $11 {[%emt 0:00:30][%mdl 4096] Endgame KQR-KQN} 41. Nd5 $2 (41. Nxb5 Rd8+ 42. Ke1) 41... Qc5 42. f5 $2 (42. Nxf6+ Kg7 43. Nd5 Qd4+ 44. Qd3) 42... Qd4+ $19 43. Qd3 Qxd3+ 44. Kxd3 {[%emt 0:00:54] KR-KN} Kg7 45. e4 Rd8 {[%emt 0:00:57] And now ...b4 would win.} 46. Kd4 $2 (46. Kc3 Rc8+ 47. Kd3) 46... b4 {[%emt 0:00:21] Hoping for ...b3.} 47. e5 {[%emt 0:00:27] [#]} fxe5+ $1 48. Kxe5 {[%emt 0:00:02] [#]} Rxd5+ $1 49. Kxd5 {[%emt 0:00:01] White threatens e7 and mate. KPP-KPP} b3 50. e7 Kf7 {[%emt 0:01:05] ( -> ...b2)} 51. Kd6 {[%emt 0:00:02] Kd7 would kill now.} b2 $1 52. Kd7 b1=Q 53. e8=Q+ Kf6 $2 (53... Kg7 $11 54. Qe7+ Kg8) 54. Qe7+ {[%emt 0:00:23] Both players deserved the win here.  Weighted Error Value: White=0.65/Black=0.35} 1-0

[Event "New York Summer GM-B 2022"]
[Site "New York"]
[Date "2022.07.08"]
[Round "2.1"]
[White "Wang, Qibiao"]
[Black "Paragua, Mark"]
[Result "0-1"]
[ECO "B11"]
[WhiteElo "2365"]
[BlackElo "2461"]
[Annotator "RC"]
[PlyCount "110"]
[EventDate "2022.07.08"]
[EventType "tourn"]
[EventCountry "USA"]
[SourceTitle "playchess.com"]
[Source "ChessBase"]
[SourceQuality "1"]
[TimeControl "5400+30"]

1. e4 c6 2. Nf3 d5 3. Nc3 Bg4 4. h3 Bxf3 5. Qxf3 e6 6. Be2 Nd7 7. d4 dxe4 8. Nxe4 Ngf6 9. O-O Nxe4 10. Qxe4 Nf6 11. Qd3 Bd6 12. b3 Qc7 13. Bb2 O-O 14. Rad1 a5 15. a4 Rad8 16. Bf3 h6 17. g3 Nd5 18. Kg2 Be7 19. Rfe1 Bf6 20. Ba3 Rfe8 21. c4 Nb4 22. Bxb4 Rxd4 23. Bxa5 Qxa5 24. Qc2 Qc5 25. Rxd4 Bxd4 26. Rd1 e5 27. h4 Rf8 28. Qf5 g6 29. Qf6 Re8 30. Bg4 h5 31. Bd7 Qe7 32. Qxe7 Rxe7 33. Bh3 f5 34. Kf1 c5 35. Bg2 e4 36. Re1 Kg7 37. f3 Be5 38. f4 Bd4 39. Rb1 Re6 40. Ke2 Kf6 41. Bf1 Ra6 42. Ke1 Ke6 43. Be2 Kd7 44. Kf1 Kc7 45. Bd1 Rd6 46. Be2 Bc3 47. Rd1 Rd4 48. Rc1 Bd2 49. Rc2 Kb6 50. Rb2 Ka5 51. Rb1 Bc3 52. Kf2 Kb4 53. Ke3 Ka3 54. Rd1 Kxb3 55. Rb1+ Bb2 0-1

[Event "New York Summer GM-B 2022"]
[Site "New York"]
[Date "2022.07.08"]
[Round "2.2"]
[White "Tiglon, Bryce"]
[Black "Jacobson, Aaron"]
[Result "1-0"]
[ECO "C11"]
[WhiteElo "2391"]
[BlackElo "2305"]
[Annotator "RC"]
[PlyCount "101"]
[EventDate "2022.07.08"]
[EventType "tourn"]
[EventCountry "USA"]
[SourceTitle "playchess.com"]
[Source "ChessBase"]
[SourceQuality "1"]
[TimeControl "5400+30"]

1. e4 e6 2. d4 d5 3. Nc3 Nf6 4. e5 Nfd7 5. f4 c5 6. Nf3 Nc6 7. Be3 Qb6 8. Na4 Qa5+ 9. c3 b6 10. Bd2 c4 11. b4 Nxb4 12. cxb4 Bxb4 13. Qc2 Bxd2+ 14. Nxd2 b5 15. Nc3 b4 16. Nd1 O-O 17. Be2 Qb6 18. Nf3 f6 19. exf6 Nxf6 20. O-O Bd7 21. Qd2 Rfc8 22. Ne5 Be8 23. Rc1 a5 24. f5 exf5 25. Rxf5 Ba4 26. Ne3 c3 27. Qd3 Rd8 28. N5g4 Nxg4 29. Bxg4 Bb5 30. Qd1 Qh6 31. Re5 Re8 32. Nxd5 Bc4 33. Bf3 Kh8 34. Qe1 Rxe5 35. dxe5 Re8 36. Ra1 Qg5 37. Qe4 Bxd5 38. Qxd5 Qe3+ 39. Kf1 Rxe5 40. Qd1 a4 41. Qc2 g6 42. Rd1 Rf5 43. Rd3 Qe8 44. a3 Qb5 45. axb4 a3 46. Qxc3+ Kg8 47. Qxa3 Qe5 48. Qa8+ Kg7 49. Qa7+ Kg8 50. Rd8+ Rf8 51. Rxf8+ 1-0

[Event "New York Summer GM-B 2022"]
[Site "New York"]
[Date "2022.07.08"]
[Round "2.3"]
[White "Yudasin, Leonid"]
[Black "Griffith, Kyron"]
[Result "1/2-1/2"]
[ECO "A13"]
[WhiteElo "2396"]
[BlackElo "2357"]
[Annotator "RC"]
[PlyCount "36"]
[EventDate "2022.07.08"]
[EventType "tourn"]
[EventCountry "USA"]
[SourceTitle "playchess.com"]
[Source "ChessBase"]
[SourceQuality "1"]
[TimeControl "5400+30"]

1. Nf3 Nf6 2. c4 e6 3. g3 d5 4. Bg2 dxc4 5. Qa4+ Bd7 6. Qxc4 c5 7. Ne5 Qc8 8. Nc3 Nc6 9. Nxd7 Qxd7 10. O-O Rc8 11. Qa4 a6 12. d3 Be7 13. Be3 O-O 14. Rac1 Rfd8 15. Rfe1 Rc7 16. a3 Qc8 17. Ne4 Nxe4 18. Bxe4 Nd4 1/2-1/2

[Event "New York Summer GM-B 2022"]
[Site "New York"]
[Date "2022.07.08"]
[Round "2.4"]
[White "Shmeliov, Denis"]
[Black "Lenderman, Aleksandr"]
[Result "1/2-1/2"]
[ECO "D38"]
[WhiteElo "2436"]
[BlackElo "2572"]
[Annotator "TA"]
[PlyCount "72"]
[EventDate "2022.07.08"]
[EventType "tourn"]
[EventCountry "USA"]
[SourceTitle "playchess.com"]
[Source "ChessBase"]
[SourceQuality "1"]
[TimeControl "5400+30"]

1. d4 Nf6 2. c4 e6 3. Nf3 d5 4. Nc3 Bb4 5. cxd5 exd5 6. Bg5 O-O 7. e3 h6 {[%emt 0:00:13] D38: Queen's Gambit Declined: Ragozin Defence (4 Nf3 Bb4).} 8. Bh4 Bf5 9. Be2 Nbd7 10. Qb3 Bxc3+ 11. Qxc3 g5 12. Bg3 Ne4 13. Qb3 (13. Qxc7 Qxc7 14. Bxc7 Rac8 $11) 13... Nb6 {[%emt 0:04:34] [#]} 14. Rc1 $146 ({Predecessor:} 14. a4 a5 15. Nd2 Nxg3 16. hxg3 Kg7 17. Qc3 c6 18. b4 Nc8 19. O-O Nd6 20. Rfc1 {½-½ (30) Predojevic,B (2609)-Brkic,A (2583) Austria 2020}) 14... c6 15. Nd2 Nxg3 16. hxg3 Kg7 17. g4 Bd7 (17... Bg6 {feels hotter.} 18. Nf3 Qe7 19. Ne5 Rab8) 18. Nf1 Qc8 $2 (18... f5 $11) 19. f3 $2 (19. Ng3 $18) 19... Qc7 {[%emt 0:07:16] [#]} ({Better is} 19... f5 $14) 20. Kf2 ({White should try} 20. a4 $1 $16) 20... f5 $14 21. gxf5 Bxf5 22. Bd3 (22. a4 $16) 22... Qf7 23. Ng3 Bxd3 24. Qxd3 {[%emt 0:00:00][%cal Oh1h6] [#] aiming for Rxh6!} Qg6 25. Nh5+ Kh7 26. Qxg6+ Kxg6 27. g4 Nc8 28. Rh2 Nd6 29. Rch1 {[%emt 0:00:00][%cal Oh5f4] Nf4+! is the strong threat.} Rh8 30. Ng3 Rae8 31. Rh5 Ref8 32. Ke2 Rf7 33. R5h3 Re7 34. Kd3 Rf7 35. Ke2 Re7 36. Kd3 Rf7 {[%emt 0:30:20] Weighted Error Value: White=0.24 (precise) /Black=0.18 (very precise)} 1/2-1/2

[Event "New York Summer GM-B 2022"]
[Site "New York"]
[Date "2022.07.08"]
[Round "2.5"]
[White "Zeltsan, Joseph"]
[Black "Maiti, Milind"]
[Result "1/2-1/2"]
[ECO "C43"]
[WhiteElo "2337"]
[BlackElo "2316"]
[Annotator "RC"]
[PlyCount "98"]
[EventDate "2022.07.08"]
[EventType "tourn"]
[EventCountry "USA"]
[SourceTitle "playchess.com"]
[Source "ChessBase"]
[SourceQuality "1"]
[TimeControl "5400+30"]

1. e4 e5 2. Nf3 Nf6 3. d4 Nxe4 4. Bd3 d5 5. Nxe5 Nd7 6. Nc3 Nxe5 7. dxe5 Nxc3 8. bxc3 Bc5 9. O-O Be6 10. Rb1 Bb6 11. Kh1 Qd7 12. f4 Bf5 13. Bxf5 Qxf5 14. Qxd5 O-O 15. Qd3 Qe6 16. Bb2 Rad8 17. Qe4 Rd2 18. f5 Qc6 19. Qg4 Rxc2 20. e6 h5 21. Qg3 fxe6 22. c4 Rf7 23. Rbd1 Qe8 24. Be5 exf5 25. Rf2 f4 26. Rxf4 Rf2 27. Rxf2 Bxf2 28. Qg5 Bh4 29. Qxh4 Qxe5 30. h3 c6 31. Re1 Qf5 32. Qd4 a6 33. Re4 Kh7 34. Kh2 Qg6 35. Re5 Rf5 36. Rxf5 Qxf5 37. c5 Qf7 38. Qe5 Qd5 39. Qe7 Qxa2 40. Qe4+ Kh6 41. Qf4+ Kg6 42. Qe4+ Kf6 43. Qf4+ Kg6 44. Qe4+ Kf6 45. Qf4+ Ke6 46. Qd6+ Kf5 47. Qf8+ Kg6 48. Qd6+ Kf7 49. Qc7+ Kf6 1/2-1/2

[Event "New York Summer GM-B 2022"]
[Site "New York"]
[Date "2022.07.09"]
[Round "3.1"]
[White "Maiti, Milind"]
[Black "Wang, Qibiao"]
[Result "1/2-1/2"]
[ECO "E36"]
[WhiteElo "2316"]
[BlackElo "2365"]
[Annotator "RC"]
[PlyCount "115"]
[EventDate "2022.07.08"]
[EventType "tourn"]
[EventCountry "USA"]
[SourceTitle "playchess.com"]
[Source "ChessBase"]
[SourceQuality "1"]
[TimeControl "5400+30"]

1. d4 Nf6 2. c4 e6 3. Nc3 Bb4 4. Qc2 d5 5. a3 Bxc3+ 6. Qxc3 dxc4 7. Qxc4 b6 8. e3 O-O 9. Be2 Ba6 10. Qa4 Bxe2 11. Nxe2 Qd7 12. Qc2 c5 13. dxc5 Rc8 14. Nc3 Rxc5 15. O-O Qc7 16. h3 Nbd7 17. Rd1 b5 18. e4 Rc4 19. f3 Rb8 20. Be3 a5 21. Qe2 h6 22. Rac1 Qc6 23. Qe1 Nc5 24. Ne2 Nb3 25. Nd4 Nxd4 26. Bxd4 Nh5 27. Rxc4 Qxc4 28. Qxa5 Qb3 29. Qe1 Rd8 30. Rd2 Nf4 31. Bc3 Re8 32. Qe3 e5 33. Qc5 Kh7 34. Qb4 Qxb4 35. Bxb4 Rc8 36. Bc3 f6 37. h4 Kg6 38. g3 Ne6 39. Kf2 Nc5 40. Ke3 Na4 41. Rd3 Kf7 42. Kd2 Ke6 43. Kc2 g5 44. hxg5 fxg5 45. Kd2 h5 46. Rd5 Nxc3 47. bxc3 Rf8 48. Ke3 Rc8 49. Kd3 Rf8 50. Ke3 Rc8 51. Kd3 Rf8 52. f4 gxf4 53. gxf4 exf4 54. Rxh5 f3 55. Rh1 f2 56. Rf1 Ke5 57. Ke3 Rc8 58. Rxf2 1/2-1/2

[Event "New York Summer GM-B 2022"]
[Site "New York"]
[Date "2022.07.09"]
[Round "3.2"]
[White "Lenderman, Aleksandr"]
[Black "Zeltsan, Joseph"]
[Result "1/2-1/2"]
[ECO "C44"]
[WhiteElo "2572"]
[BlackElo "2337"]
[Annotator "TA"]
[PlyCount "59"]
[EventDate "2022.07.08"]
[EventType "tourn"]
[EventCountry "USA"]
[SourceTitle "playchess.com"]
[Source "ChessBase"]
[SourceQuality "1"]
[TimeControl "5400+30"]

1. e4 e5 2. Nf3 Nf6 3. d3 Nc6 4. g3 Bc5 5. Bg2 O-O 6. O-O d5 7. exd5 Nxd5 8. a3 {[%emt 0:00:27] C44: Ponziani Opening and Scotch Gambit.} a5 {[%emt 0:02:38] Prevents b4.} 9. Nc3 Nf6 {[%emt 0:10:33] [#]} 10. Re1 $146 ({Predecessor:} 10. Be3 Bxe3 11. fxe3 Qe7 12. Nh4 g6 13. Bxc6 bxc6 14. Qf3 Nd5 15. Nxd5 cxd5 16. Qxd5 {1-0 (49) Rapport,R (2763)-Cheparinov,I (2664) Warsaw 2021}) 10... h6 {[%emt 0:00:43] Against Bg5} 11. Be3 ({Much weaker is} 11. Nxe5 Nxe5 12. Rxe5 {[#]} Bxf2+ $1 13. Kh1 Bd4 $17) 11... Bd4 12. h3 a4 13. Bd2 Re8 14. Nxd4 exd4 15. Rxe8+ Qxe8 16. Ne2 Ra6 17. Nf4 Rb6 (17... Bd7 $11 {should be considered.}) 18. Rb1 (18. b4 $14 {feels stronger.}) 18... Rb5 (18... Qd8 $11) 19. c3 $14 Rb3 20. cxd4 Nxd4 21. Bc3 {[%emt 0:01:00] A strong pair of Bishops.} Qd8 22. Ne2 Nxe2+ (22... Nb5 $5 ) 23. Qxe2 {[%emt 0:00:04] The position is equal.} Be6 24. Re1 c6 25. Qe5 Rb5 $1 26. Qf4 Nd5 27. Qxa4 Nxc3 28. bxc3 Qf6 (28... Qxd3 $2 29. Qa8+ Kh7 30. Be4+ Qxe4 31. Rxe4 $18) 29. Qc2 Rb3 30. d4 {[%emt 0:00:14] Weighted Error Value: White=0.09 (flawless) /Black=0.08 (flawless)} 1/2-1/2

[Event "New York Summer GM-B 2022"]
[Site "New York"]
[Date "2022.07.09"]
[Round "3.3"]
[White "Griffith, Kyron"]
[Black "Shmeliov, Denis"]
[Result "1-0"]
[ECO "B90"]
[WhiteElo "2357"]
[BlackElo "2436"]
[Annotator "RC"]
[PlyCount "114"]
[EventDate "2022.07.08"]
[EventType "tourn"]
[EventCountry "USA"]
[SourceTitle "playchess.com"]
[Source "ChessBase"]
[SourceQuality "1"]
[TimeControl "5400+30"]

1. e4 c5 2. Nf3 d6 3. d4 cxd4 4. Nxd4 Nf6 5. Nc3 a6 6. h4 e5 7. Nb3 Be7 8. Be2 Be6 9. f4 exf4 10. Bxf4 Nc6 11. Qd2 d5 12. O-O-O dxe4 13. Qe3 Qc8 14. h5 h6 15. Kb1 Nb4 16. Be5 O-O 17. Qg3 Nc6 18. Bf4 Kh8 19. Qe3 Rd8 20. Rxd8+ Qxd8 21. Rd1 Qe8 22. Nc5 Bxc5 23. Qxc5 Rd8 24. Rxd8 Nxd8 25. b3 Nc6 26. Kb2 Qd7 27. Be3 Kg8 28. a4 Bg4 29. Bc4 Be6 30. Be2 Bg4 31. Bc4 Qe7 32. Qxe7 Nxe7 33. Bd4 Nxh5 34. Nxe4 Nf5 35. Bf2 Nf4 36. Bf1 Ne6 37. c4 Kf8 38. c5 Ke7 39. c6 bxc6 40. Bxa6 Nd6 41. Nd2 Kd7 42. Kc3 Nf4 43. g3 Nd5+ 44. Kd4 Bd1 45. a5 f5 46. Bd3 f4 47. a6 fxg3 48. a7 Nc7 49. Bxg3 Ncb5+ 50. Kc5 Nxa7 51. Bxd6 g5 52. Bf5+ Kd8 53. b4 Be2 54. Nb3 Bf3 55. Nd4 Bg2 56. Bg4 Be4 57. Bf8 Ke8 1-0

[Event "New York Summer GM-B 2022"]
[Site "New York"]
[Date "2022.07.09"]
[Round "3.5"]
[White "Paragua, Mark"]
[Black "Tiglon, Bryce"]
[Result "0-1"]
[ECO "D00"]
[WhiteElo "2461"]
[BlackElo "2391"]
[Annotator "RC"]
[PlyCount "128"]
[EventDate "2022.07.08"]
[EventType "tourn"]
[EventCountry "USA"]
[SourceTitle "playchess.com"]
[Source "ChessBase"]
[SourceQuality "1"]
[TimeControl "5400+30"]

1. d4 Nf6 2. Bg5 d5 3. Bxf6 gxf6 4. e3 c5 5. dxc5 Nc6 6. Nf3 e5 7. c4 d4 8. exd4 e4 9. Nfd2 Qxd4 10. Nc3 f5 11. Nb3 Qe5 12. Qd2 Be6 13. O-O-O Rd8 14. Nd5 Bg7 15. f4 Qb8 16. Qe3 a5 17. a4 Nb4 18. Be2 Bxd5 19. cxd5 Nxd5 20. Bb5+ Ke7 21. Qg3 Bf6 22. Nxa5 Qc7 23. Nb3 Nxf4 24. Qf2 Qe5 25. g3 Ne6 26. Qc2 h5 27. Rhe1 h4 28. Rxd8 Rxd8 29. g4 Qf4+ 30. Kb1 Qxg4 31. c6 bxc6 32. Bxc6 e3 33. a5 f4 34. a6 f3 35. Bb5 Qb4 36. Rxe3 Qxb5 37. Rxf3 Qxa6 38. Qf5 Rd1+ 39. Nc1 Rxc1+ 40. Kxc1 Qa1+ 41. Kd2 Qxb2+ 42. Ke1 Qc1+ 43. Kf2 Bd4+ 44. Ke2 Qb2+ 45. Kd1 Qxh2 46. Qxf7+ Kd6 47. Qf5 Qg1+ 48. Kd2 Qg2+ 49. Kd1 Qg1+ 50. Kd2 Qh2+ 51. Kd1 Qe5 52. Qxe5+ Kxe5 53. Rh3 Bf2 54. Rh2 Bg3 55. Ra2 Nf4 56. Kd2 Bf2 57. Kd1 Bg3 58. Kd2 Ke4 59. Ra3 Bf2 60. Ra4+ Kf3 61. Ra3+ Kg4 62. Ra8 h3 63. Rh8 Nh5 64. Rg8+ Kh4 0-1

[Event "New York Summer GM-B 2022"]
[Site "New York"]
[Date "2022.07.09"]
[Round "4.1"]
[White "Wang, Qibiao"]
[Black "Tiglon, Bryce"]
[Result "1/2-1/2"]
[ECO "C47"]
[WhiteElo "2365"]
[BlackElo "2391"]
[Annotator "RC"]
[PlyCount "42"]
[EventDate "2022.07.08"]
[EventType "tourn"]
[EventCountry "USA"]
[SourceTitle "playchess.com"]
[Source "ChessBase"]
[SourceQuality "1"]
[TimeControl "5400+30"]

1. e4 e5 2. Nf3 Nc6 3. Nc3 Nf6 4. d4 exd4 5. Nxd4 Bb4 6. Nxc6 bxc6 7. Bd3 d5 8. exd5 O-O 9. O-O cxd5 10. h3 c6 11. Qf3 Re8 12. Bf4 a5 13. Rfd1 h6 14. Ne2 Bd6 15. c4 Be6 16. Nd4 Bxf4 17. Qxf4 Qb6 18. b3 a4 19. Nxe6 Rxe6 20. cxd5 Nxd5 21. Qd2 axb3 1/2-1/2